 Dungeon Crawl Stone Soup version 0.20.1 (console) character file.

45 bli the Skirmisher (level 3, -2/29 HPs)
             Began as a Demonspawn Monk on July 2, 2017.
             Was a Believer of Fedhas.
             Killed by nerve-wracking pain
             ... invoked by an orc priest
              (5 damage)
             ... on level 3 of the Dungeon.
             The game lasted 00:07:40 (1458 turns).

bli the Skirmisher (Demonspawn Monk)                Turns: 1458, Time: 00:07:41

Health: -2/29      AC:  6    Str: 11    XL:     3   Next: 42%
Magic:  3/3        EV: 13    Int: 11    God:    Fedhas [**....]
Gold:   52         SH:  3    Dex: 16    Spells: 2/2 levels left

rFire    + + .     SeeInvis .   s - +0 hand axe
rCold    + . .     Gourm    .   y - +0 buckler
rNeg     . . .     Faith    .   v - +2 robe {MR+}
rPois    .         Spirit   .   (no helmet)
rElec    .         Reflect  .   E - scarf {rC+ rF+}
rCorr    .         Harm     .   (no gloves)
MR       +....                  (no boots)
Stlth    ++++......             (no amulet)
Regen    0.1/turn               w - ring of protection from fire
MPRegen  0.1/turn               F - ring of stealth

@: very slightly contaminated, invisible
A: molten scales 1, nightstalker 1
a: Fungal Bloom, Evolution, Sunlight, Renounce Religion


You were on level 3 of the Dungeon.
You worshipped Fedhas.
Fedhas was pleased with you.
You were not hungry.

You visited 1 branch of the dungeon, and saw 3 of its levels.

You collected 52 gold pieces.

Inventory:

Hand Weapons
 a - a +0 hand axe
 j - a +0 mace
 s - a +0 hand axe (weapon)
 x - a +0 whip
Missiles
 i - 2 javelins (quivered)
 l - 95 stones
Armour
 b - a +0 robe
 n - a +0 ring mail
 v - a +2 robe of magic resistance (worn)
 y - a +0 buckler (worn)
 E - a scarf of resistance (worn)
Jewellery
 w - a ring of protection from fire (left hand)
 F - a ring of stealth (right hand)
Scrolls
 e - 2 scrolls of identify
 h - a scroll of amnesia {unknown}
 m - a scroll of magic mapping {unknown}
 q - a scroll of noise {unknown}
 t - 3 scrolls of remove curse
 u - a scroll of teleportation {unknown}
Potions
 d - a potion of berserk rage {unknown}
 k - a potion of invisibility
 o - a potion of haste {unknown}
 p - a potion of curing {unknown}
 r - a potion of ambrosia {unknown}
 z - a potion of brilliance {unknown}
 A - a potion of mutation {unknown}
 D - a potion of agility {unknown}
Comestibles
 c - a bread ration
 f - 2 meat rations
 g - a royal jelly
 B - a chunk of flesh
 C - 2 fruits


   Skills:
 * Level 3.6 Fighting
 + Level 3.2 Axes
 * Level 3.0 Dodging
 + Level 1.8 Stealth


You had 2 spell levels left.
You didn't know any spells.

Dungeon Overview and Level Annotations

Branches:
Dungeon (3/15)

Altars:
Fedhas
Hepliaklqana
Xom


Innate Abilities, Weirdness & Mutations

You are partially covered in molten scales. (AC +2)
You are slightly more attuned to the shadows.


Message History

The orc priest is lightly wounded.
The orc priest completely misses you.
You hit the orc priest.
The orc priest is heavily wounded.
The orc priest hits you with a short sword!
* * * LOW HITPOINT WARNING * * *
You hit the orc priest but do no damage.
The orc priest is heavily wounded.
The orc priest hits you but does no damage.
You hit the orc priest.
The orc priest is severely wounded.
The orc priest hits you but does no damage.
It was a potion of invisibility.
You fade into invisibility!
The orc priest closely misses you.
You are very lightly contaminated with residual magic.
The orc priest invokes the aid of Beogh against something.
Pain shoots through your body!
You die...
Fedhas appreciates your contribution to the ecosystem.

#....<##########
###>.......(....
#######.######....
#)......######.##.
#.####..#<......#'
#.##....##........
#.##....##........
#.##....##........
#.##....##........
#.##....##........
#@##.....+........
#.##...###........
#o#.....##........
#o)..#..#####+####
###.....#
#......## #.##.###
#.##.# #.##.#
#.#.<. #.##...


You could see an orc priest and an orc wizard.

Vanquished Creatures
  2 dart slugs
  3 orcs (D:3)
  2 bats
  2 giant cockroaches
  2 goblins
  4 hobgoblins
  3 jackals (D:1)
  A quokka (D:2)
  2 ball pythons
  3 frilled lizards
  7 kobolds
  7 rats
38 creatures vanquished.

Vanquished Creatures (others)
  A plant (D:1)
1 creature vanquished.

Grand Total: 39 creatures vanquished

Notes
Turn   | Place    | Note
-------+----------+-------------------------------------------
     0 | D:1      | bli the Demonspawn Monk began the quest for the Orb.
     0 | D:1      | Reached XP level 1. HP: 18/18 MP: 1/1
   156 | D:1      | Gained mutation: You are partially covered in molten scales. (AC +2) [demonic ancestry]
   156 | D:1      | Reached XP level 2. HP: 5/24 MP: 2/2
   881 | D:2      | Gained mutation: You are slightly more attuned to the shadows. [demonic ancestry]
   881 | D:2      | Reached XP level 3. HP: 18/29 MP: 3/3
   994 | D:2      | Found a shimmering altar of Xom.
   995 | D:2      | Found a hazy altar of Hepliaklqana.
   995 | D:2      | Noticed a hell beast
   996 | D:2      | Noticed a hell beast
   996 | D:2      | Noticed a spectral ugly thing
  1128 | D:2      | Found a faded altar of an unknown god.
  1147 | D:2      | Became a worshipper of Fedhas Madash
  1147 | D:2      | Reached * piety under Fedhas
  1147 | D:2      | Reached ** piety under Fedhas
  1458 | D:3      | Killed from afar by an orc priest

Skill      XL: |  1  2  3 |
---------------+----------+-----
Axes           | 3 |  3.2
Dodging        | 3 |  3.0
Fighting       | |  3.6
Stealth        | |  1.8

Action                   || total
-------------------------++-------
Melee: Hand axe          ||   110
       Whip              ||    35
  Use: Scroll            ||     2
       Potion            ||     1
 Stab: Sleeping          ||     3
  Eat: Chunk             ||     2
Armor: Robe              ||    28
Dodge: Dodged            ||    91
Block: Buckler           ||     3
